 Dungeon Crawl Stone Soup version 0.26-a0-937-g67df3f2acb (webtiles) character file.

Game seed: 4383702061777480487

9718 EnegeticOcto the Tainter (level 11, -5/115 HPs)
             Began as an Ogre Venom Mage on Nov 26, 2020.
             Was an Elder of Ru.
             Slain by a wraith (10 damage)
             ... led by Josephine
             ... on level 10 of the Dungeon on Nov 27, 2020.
             The game lasted 00:30:56 (13553 turns).

EnegeticOcto the Tainter (Ogre Venom Mage)         Turns: 13553, Time: 00:30:56

Health: -5/115     AC:  5    Str: 14    XL:     11   Next: 50%
Magic:  15/32      EV: 10    Int: 19    God:    Ru [****..]
Gold:   398        SH:  0    Dex:  9    Spells: 13/26 levels left

rFire    x . .     SeeInvis .   a - +9 staff of Olgreb {rPois∞}
rCold    x . .     Faith    .   (no shield)
rNeg     . . .     Spirit   .   D - +2 robe {Archmagi}
rPois    ∞         Reflect  .   (helmet restricted)
rElec    .         Harm     .   (no cloak)
rCorr    .         Rampage  .   (gloves unavailable)
MR       +....                  (boots unavailable)
Stlth    ++........             h - amulet of the acrobat
HPRegen  0.29/turn              B - ring of magical power
MPRegen  0.23/turn              (no ring)

@: about to teleport, very slightly contaminated, slowed, very slow
A: large, unfitting armour, tough skin 1, hated by all, temperature sensitive
a: Draw Out Power, Power Leap, Renounce Religion


You were on level 10 of the Dungeon.
You worshipped Ru.
Ru was greatly pleased with you.
You visited 1 branch of the dungeon, and saw 10 of its levels.

You collected 644 gold pieces.
You spent 246 gold pieces at shops.

Inventory:

Hand Weapons
 a - the +9 staff of Olgreb (weapon) {rPois∞}
   (You found it on level 5 of the Dungeon)

   It grants immunity to poison.
 b - a +1 flail of holy wrath
   (You took it off an orc on level 5 of the Dungeon)
 F - a +1 vorpal trident
   (You took it off a gnoll sergeant on level 10 of the Dungeon)
Missiles
 t - 6 javelins
 w - 7 throwing nets {!f}
Armour
 D - a +2 robe of the Archmagi (worn)
   (You took it off Erica on level 8 of the Dungeon)
Jewellery
 h - an amulet of the acrobat (around neck)
   (You found it on level 1 of the Dungeon)
 l - an uncursed amulet of guardian spirit
   (You found it on level 2 of the Dungeon)
 B - a ring of magical power (left hand)
   (You took it off an orc priest on level 7 of the Dungeon)
Wands
 p - a wand of random effects (11)
   (You found it on level 2 of the Dungeon)
 x - a wand of polymorph (14)
   (You found it on level 5 of the Dungeon)
 C - a wand of disintegration (18)
   (You found it on level 7 of the Dungeon)
 G - a wand of flame (20) {@v4}
   (You found it on level 10 of the Dungeon)
 H - a wand of paralysis (9)
   (You found it on level 10 of the Dungeon)
Scrolls
 c - 5 scrolls of remove curse {@r2}
 d - a scroll of fear {!r}
 e - 2 scrolls of fog {!r}
 g - 2 scrolls of teleportation {@r3 !r}
 k - 3 scrolls of magic mapping {@r5 !r}
 o - 4 scrolls of amnesia
 q - 2 scrolls of enchant armour
 r - 3 scrolls of identify {@r1}
 u - 3 scrolls of blinking {@r4}
 v - a scroll of torment
 y - 2 scrolls of immolation
Potions
 f - 2 potions of curing {@q1 !q}
 i - 9 potions of heal wounds {@q2 !q}
 j - 3 potions of haste {@q4 !q}
 m - 3 potions of ambrosia
 n - 2 potions of cancellation
 s - 2 potions of lignification {@q6}
 z - a potion of brilliance
 A - a potion of resistance
 E - a potion of berserk rage


   Skills:
 + Level 9.0 Fighting
 + Level 6.8 Staves
 - Level 1.7 Dodging
 - Level 3.0 Stealth
 - Level 8.0 Spellcasting
 - Level 2.0 Conjurations
 - Level 2.0 Transmutations
 - Level 2.0 Fire Magic
 - Level 3.0 Air Magic
 + Level 9.5 Poison Magic
 + Level 4.7 Evocations


You had 13 spell levels left.
You knew the following spells:

 Your Spells              Type           Power        Failure   Level
a - Poisonous Vapours     Pois/Air       ######       1%          2
b - Sting                 Tmut/Pois      ####         1%          1
c - Mephitic Cloud        Conj/Pois/Air  ######..     3%          3
d - Ignite Poison         Fire/Tmut/Pois ######..     4%          3
z - Olgreb's Toxic Radia  Pois           #######.     1%          4

Your spell library contained the following spells:

 Spells                   Type           Power        Failure   Level
 Spider Form              Tmut/Pois      ######....   2%          3
 Beastly Appendage        Tmut           ###...       4%          1
 Wereblood                Tmut           ###.....     6%          2
 Confusing Touch          Hex            ##......     26%         3
 Gell's Gravitas          Tloc           ##........   26%         3
 Ice Form                 Ice/Tmut       ###.....     52%         4
 Petrify                  Tmut/Erth      ###.....     52%         4
 Blade Hands              Tmut           ###.......   73%         5
 Yara's Violent Unravell  Hex/Tmut       ###.......   86%         5
 Metabolic Englaciation   Hex/Ice        ##........   94%         5


Dungeon Overview and Level Annotations

Branches:
Dungeon (10/15)            Temple (0/1) D:6
   Lair: D:8-11         Orc: D:9-12

Altars:
Dithmenos
Ru
Wu Jian
Yredelemnul

Shops:
D:4 (   D:9 ?

Annotations:
D:7 2 transporters, hemabe71's ghost, novice HuAr


Innate Abilities, Weirdness & Mutations

You are too large for most types of armour.
You have tough skin. (AC +1)
You are hated by all.
You are sensitive to extremes of temperature. (rF-, rC-)


Message History

You kill Josephine!
You redirect the wraith's attack!
The wraith hits itself.
Casting: Poisonous Vapours (safe; 1% risk of failure)
Confirm with . or Enter, or press ? or * to list all spells.
Aiming: Mephitic Cloud (mildly dangerous; 4% risk of failure)
Press: ? - help, Shift-Dir - straight line, f - wraith
Aim: a wraith (lightly damaged)
You feel a strong surge of power!
The ball explodes into a vile cloud!
The stinking cloud engulfs the wraith but does no damage.
The wraith is lightly damaged.
The stinking cloud engulfs the wraith but does no damage.
The stinking cloud engulfs you but does no damage.
The wraith hits you.
Casting: Mephitic Cloud (mildly dangerous; 4% risk of failure)
Confirm with . or Enter, or press ? or * to list all spells.
You feel a strong surge of power!
You ignite the poison in your surroundings!
The wraith is engulfed in blazing flames. x2
You hit the wraith.
The wraith is lightly damaged.
The wraith is engulfed in blazing flames.
The wraith barely misses you.
The wraith is engulfed in blazing flames. x2
You barely miss the wraith.
The wraith is heavily damaged.
The wraith is engulfed in blazing flames. x3
You barely miss the wraith.
The wraith is severely damaged.
The wraith hits you. The wraith drains your vigour!
You feel yourself slow down.
The wraith is engulfed in blazing flames.
You destroy the wraith!
The wraith is engulfed in blazing flames.
You destroy the wraith!
Your life force feels restored.
Your Fighting skill increases to level 9!
The wraith hits you!
A wraith comes into view.
The wraith completely misses you. The wraith completely misses you.
The wraith misses you.
There is an open door here.
The wraith completely misses you.
Casting: Ignite Poison (mildly dangerous; 4% risk of failure)
Confirm with . or Enter, or press ? or * to list all spells.
Aiming: Mephitic Cloud (mildly dangerous; 3% risk of failure)
Press: ? - help, Shift-Dir - straight line, f/p - wraith
Aim: a wraith (severely damaged)
You feel a strong surge of power!
The ball explodes into a vile cloud!
The stinking cloud engulfs the wraith but does no damage.
The wraith is severely damaged.
The stinking cloud engulfs you but does no damage.
The wraith hits you but does no damage. The wraith barely misses you.
Casting: Mephitic Cloud (mildly dangerous; 3% risk of failure)
Confirm with . or Enter, or press ? or * to list all spells.
You feel a strong surge of power!
You miscast Ignite Poison.
You are very lightly contaminated with residual magic.
Nothing appears to happen.
The wraith hits you but does no damage.
Casting: Ignite Poison (mildly dangerous; 4% risk of failure)
Confirm with . or Enter, or press ? or * to list all spells.
You feel a strong surge of power!
You miscast Ignite Poison.
Nothing appears to happen.
The wraith hits you. The wraith drains your vigour!
You feel as though you will be slow longer.
The wraith barely misses you. The wraith hits you!
Casting: Ignite Poison (mildly dangerous; 4% risk of failure)
Confirm with . or Enter, or press ? or * to list all spells.
You feel a strong surge of power!
You ignite the poison in your surroundings!
The wraith closely misses you.
The wraith is engulfed in blazing flames.
The wraith hits you! The wraith hits you.
You focus your will and illuminate the wraith in retribution!
The wraith is engulfed in blazing flames.
Evoke which item? (* to show all) (? for menu, Esc to quit)
Aiming: Disintegrate
Press: ? - help, Shift-Dir - straight line, f/p - wraith
Aim: a wraith (severely damaged, chance to defeat MR: 50%)
The wraith resists with some effort.
The wraith hits you!
* * * LOW HITPOINT WARNING * * *
The wraith drains your vigour!
You feel as though you will be slow longer.
The wraith is engulfed in blazing flames.
The wraith is stunned by your will and fails to attack.
Really read
g - 3 scrolls of teleportation {@r3 !r}?
As you read the scroll of teleportation {@r3 !r}, it crumbles to dust.
You feel strangely unstable. The wraith hits you!
* * * LOW HITPOINT WARNING * * *
The wraith drains your vigour!
You feel as though you will be slow longer.
The wraith hits you!
* * * LOW HITPOINT WARNING * * *
The wraith drains your vigour!
You feel as though you will be slow longer.
You focus your will and blind the wraith in retribution!
The wraith hits you!
You die...

#........#.........#........
#.......##........##.##....# #+##
#.......##........##.##'#### ...#
......................#..... ...#
............(.........#..... ...#
.........(............#..... ...#
......................#..... ...#
..........WW..........#..... ...#
........°☼W@..........#.....
##'###########°##########'#######
.............☼..#######†........#
.......W##...)..#.....'†........#
######..##......#.....#...###...#
######..##......#.....#...###...'
................#.....#.........#
...@............#....##.........#
#...........#####....#......#####


You could see 3 wraiths.

Vanquished Creatures
  Josephine (D:10)
  Harold (D:7)
  Erolcha (D:10)
  Erica (D:8)
  A two-headed ogre (D:8)
  A troll (D:9)
  A hornet (D:8)
  2 wraiths (D:10)
  Grum (D:10)
  6 soldier ants (D:5)
  3 water moccasins
  3 ice beasts
  2 orc warriors
  4 sky beasts
  A black bear (D:10)
  2 phantoms
  4 ogres
  3 wolves (D:10)
  5 centaurs
  A big kobold (D:8)
  3 bullfrogs
  3 gnoll sergeants
  A water moccasin skeleton (D:5)
  3 scorpions
  6 killer bees (D:5)
  3 howler monkeys
  2 bullfrog zombies
  6 hounds
  A jelly (D:9)
  8 orc priests
  2 bullfrog skeletons
  7 orc wizards
  An iguana (D:8)
  8 worker ants
  A killer bee zombie (D:10)
  A hound skeleton (D:7)
  A howler monkey zombie (D:6)
  19 gnolls
  A howler monkey skeleton (D:5)
  9 adders
  2 shadow imps
  2 white imps
  3 ufetubi
  4 oozes
  2 adder zombies
  4 adder skeletons
  2 worms
  3 dart slugs
  A leopard gecko (D:8)
  36 orcs
  A ball python (D:1)
  8 giant cockroaches
  9 goblins
  10 hobgoblins
  4 jackals (D:6)
  7 quokkas
  14 bats
  7 frilled lizards
  A giant cockroach zombie (D:5)
  13 kobolds
  A leopard gecko skeleton (D:8)
  5 rats
269 creatures vanquished.

Vanquished Creatures (others)
  A bullfrog skeleton (D:7)
  6 plants
7 creatures vanquished.

Grand Total: 276 creatures vanquished

Notes
Turn   | Place    | Note
-------+----------+-------------------------------------------
     0 | D:1      | EnegeticOcto the Ogre Venom Mage began the quest for the
                  | Orb.
     0 | D:1      | Reached XP level 1. HP: 16/16 MP: 3/3
     0 | D:1      | Upgraded the game from 0.26-a0-926-g43279f1ce9 to
                  | 0.26-a0-937-g67df3f2acb
    47 | D:1      | Learned a level 1 spell: Sting
   113 | D:1      | Reached skill level 1 in Transmutations
   326 | D:1      | Reached XP level 2. HP: 24/24 MP: 3/5
   329 | D:1      | Learned a level 2 spell: Poisonous Vapours
   656 | D:1      | Reached skill level 2 in Stealth
   690 | D:1      | Reached XP level 3. HP: 27/31 MP: 0/6
   759 | D:1      | Reached skill level 2 in Transmutations
  1412 | D:2      | Reached skill level 1 in Air Magic
  1550 | D:2      | Reached XP level 4. HP: 36/39 MP: 3/7
  2040 | D:2      | Reached skill level 3 in Stealth
  2040 | D:2      | Reached skill level 2 in Air Magic
  2044 | D:2      | Learned a level 3 spell: Mephitic Cloud
  2133 | D:2      | Reached XP level 5. HP: 40/45 MP: 5/8
  2880 | D:2      | Reached skill level 1 in Fighting
  3299 | D:3      | Found a shadowy altar of Dithmenos.
  3459 | D:3      | Reached skill level 3 in Spellcasting
  3459 | D:3      | Reached skill level 3 in Poison Magic
  4448 | D:3      | Reached XP level 6. HP: 41/55 MP: 4/10
  4623 | D:4      | Found Alliheoh's Weapon Boutique.
  4804 | D:4      | Reached skill level 3 in Air Magic
  5061 | D:4      | Found an ornate altar of the Wu Jian Council.
  5083 | D:4      | Reached skill level 4 in Poison Magic
  5812 | D:5      | Entered Level 5 of the Dungeon
  5836 | D:4      | Reached skill level 2 in Fighting
  5836 | D:4      | Reached skill level 1 in Conjurations
  6149 | D:5      | Reached XP level 7. HP: 62/65 MP: 11/11
  6498 | D:4      | Learned a level 3 spell: Ignite Poison
  6634 | D:5      | Reached skill level 3 in Fighting
  6634 | D:5      | Reached skill level 2 in Conjurations
  6861 | D:5      | Reached skill level 1 in Fire Magic
  6944 | D:5      | Reached skill level 5 in Poison Magic
  7166 | D:5      | Reached skill level 2 in Fire Magic
  7236 | D:5      | Reached XP level 8. HP: 69/75 MP: 7/12
  7252 | D:5      | Found a runed translucent gate.
  7253 | D:5      | Found a runed translucent gate.
  7254 | D:5      | Found a runed translucent gate.
  7315 | D:5      | Found a runed translucent door.
  7337 | D:5      | Found the +9 staff of Olgreb {rPois∞}
  7358 | D:5      | Found a runed translucent door.
  7448 | D:5      | Reached skill level 6 in Poison Magic
  7453 | D:5      | Learned a level 4 spell: Olgreb's Toxic Radiance
  7685 | D:5      | Found a sacrificial altar of Ru.
  7693 | D:5      | Became a worshipper of Ru the Awakened
  7913 | D:5      | Reached skill level 7 in Poison Magic
  8040 | D:5      | Reached skill level 8 in Poison Magic
  8042 | D:5      | Reached skill level 4 in Fighting
  8042 | D:5      | Reached XP level 9. HP: 84/84 MP: 2/14
  8048 | D:5      | Reached skill level 4 in Spellcasting
  8483 | D:5      | Reached skill level 9 in Poison Magic
  8632 | D:6      | Reached skill level 1 in Evocations
  8756 | D:6      | Reached skill level 2 in Evocations
  8807 | D:6      | Reached skill level 3 in Evocations
  8944 | D:6      | Found a staircase to the Ecumenical Temple.
  9528 | D:6      | Reached skill level 1 in Staves
  9923 | D:7      | Found a transporter.
  9925 | D:7      | Gained mutation: You are hated by all. [Ru sacrifice]
  9925 | D:7      | Reached * piety under Ru
  9926 | D:7      | Found a transporter.
  9947 | D:7      | Noticed hemabe71's ghost (novice HuAr)
 10072 | D:7      | Reached skill level 5 in Fighting
 10075 | D:7      | Reached skill level 2 in Staves
 10461 | D:7      | Reached XP level 10. HP: 83/96 MP: 17/17
 10892 | D:8      | Noticed Harold
 10903 | D:7      | Killed Harold
 10904 | D:7      | Reached skill level 6 in Fighting
 10904 | D:7      | Reached skill level 3 in Staves
 10904 | D:7      | Reached skill level 5 in Spellcasting
 10904 | D:7      | Reached skill level 4 in Evocations
 11224 | D:8      | Noticed a two-headed ogre
 11248 | D:8      | Killed a two-headed ogre
 11249 | D:8      | Reached skill level 7 in Fighting
 11249 | D:8      | Reached skill level 4 in Staves
 11249 | D:8      | Reached skill level 6 in Spellcasting
 11917 | D:8      | Noticed Erica
 11921 | D:8      | Killed Erica
 11922 | D:8      | Reached skill level 8 in Fighting
 11922 | D:8      | Reached skill level 5 in Staves
 11922 | D:8      | Reached skill level 7 in Spellcasting
 12231 | D:9      | Reached XP level 11. HP: 106/111 MP: 22/22
 12256 | D:9      | Found a basalt altar of Yredelemnul.
 12292 | D:9      | Found Guguh's Magic Scroll Shop.
 12294 | D:9      | Gained mutation: You are sensitive to extremes of
                  | temperature. (rF-, rC-) [Ru sacrifice]
 12294 | D:9      | Reached ** piety under Ru
 12294 | D:9      | Reached *** piety under Ru
 12294 | D:9      | Reached **** piety under Ru
 12305 | D:9      | Bought a scroll of immolation for 42 gold pieces
 12305 | D:9      | Bought a scroll of blinking for 90 gold pieces
 12305 | D:9      | Bought a scroll of blinking for 90 gold pieces
 12305 | D:9      | Bought a scroll of fog for 24 gold pieces
 12324 | D:9      | Reached skill level 6 in Staves
 12765 | D:10     | Entered Level 10 of the Dungeon
 12812 | D:10     | Noticed Erolcha
 12817 | D:10     | Killed Erolcha
 12818 | D:10     | Reached skill level 8 in Spellcasting
 13275 | D:10     | Noticed Grum
 13288 | D:10     | Killed Grum
 13515 | D:10     | Noticed Josephine
 13535 | D:10     | Killed Josephine
 13542 | D:10     | Reached skill level 9 in Fighting
 13553 | D:10     | HP: 5/115 [wraith[Josephine] (14)]
 13553 | D:10     | Slain by a wraith

Illustrated notes

Levels and vault maps discovered:
D:1:      dpeg_arrival_solitude, layout_basic, minmay_octomino_e4
D:2:      layout_loops_corners, serial_bayou, serial_bayou_pond_c,
          serial_bayou_pond_d, serial_bayou_pond_b, serial_bayou_pond_a
D:3:      layout_basic, overflow_temple_1_default, kennysheep_generic_room_11
D:4:      layout_basic, nicolae_overflow_crystal_walls, serial_bayou,
          serial_bayou_lake_a, serial_bayou_shore_b, serial_bayou_pond_d,
          serial_bayou_shore_b, serial_shops, shop
D:5:      layout_loops_ring, nicolae_ru_path_of_blood,
          minmay_guarded_unrand_staff_of_olgreb
D:6:      layout_rooms, minmay_temple_entry_wispy, kennysheep_generic_room_14
D:7:      layout_cave_pools, gammafunk_ghost_hive
D:8:      layout_basic, uniq_erica, uniq_harold
D:9:      layout_rooms, old_standard_altar, serial_shops, shop
D:10:     layout_stronghold, kennysheep_orc_monster_closet_entryway,
          uniq_josephine, uniq_grum, uniq_erolcha

Skill      XL: |  1  2  3  4  5  6  7  8  9 10 11 |
---------------+----------------------------------+-----
Transmutations | 1 2 |  2.0
Stealth        | 2 3 |  3.0
Air Magic      | 1 2 3 |  3.0
Fighting       | 1 2 3 4 5 8 9 |  9.0
Spellcasting   | 3 4 7 8 |  8.0
Poison Magic   | 3 4 5 8 9 |  9.5
Conjurations   | 1 2 |  2.0
Fire Magic     | 2 |  2.0
Evocations     | 3 4 |  4.7
Staves         | 2 5 6 |  6.8
Dodging        | |  1.7

Action                   |  1- 3 |  4- 6 |  7- 9 | 10-12 || total
-------------------------+-------+-------+-------+-------++-------
Melee: Short sword       |     9 |    24 |       |       ||    33
       Trident           |       |    35 |    12 |       ||    47
       Spear             |       |     4 |       |       ||     4
       Flail             |       |       |    35 |       ||    35
       Staff             |       |       |    64 |   129 ||   193
 Cast: Sting             |    35 |    22 |    42 |     5 ||   104
       Poisonous Vapours |    12 |    85 |    38 |    31 ||   166
       Olgreb's Toxic Ra |       |       |    26 |    28 ||    54
       Mephitic Cloud    |       |       |     2 |     4 ||     6
       Ignite Poison     |       |       |     1 |     6 ||     7
Invok: Sacrifice Love    |       |       |     1 |       ||     1
       Sacrifice Resista |       |       |       |     1 ||     1
Evoke: Wand              |       |       |     1 |     1 ||     2
  Use: Scroll            |     3 |    12 |     5 |     4 ||    24
 Stab: Sleeping          |       |     1 |     1 |     3 ||     5
Armor: Robe              |    19 |    18 |    16 |    29 ||    82
Dodge: Dodged            |    29 |    63 |   129 |   105 ||   326

Table legend: (Time is in decaauts)
 A = Elapsed time spent in this place.
 B = Non-inter-level travel time spent in this place.
 C = Inter-level travel time spent in this place.
 D = Time resting spent in this place.
 E = Time spent auto-exploring this place.
 F = Levels seen in this place.
 G = Mean time per level.
                   A        B        C        D        E       F      G
               +--------+--------+--------+--------+--------+-----+--------+
         Total |  13663 |  13190 |    473 |   1071 |  10134 |  10 | 1366.3 |
       Dungeon |  13663 |  13190 |    473 |   1071 |  10134 |  10 | 1366.3 |
               +--------+--------+--------+--------+--------+-----+--------+

Top non-repeatable levels by time:
     D:5: 2384 daAuts
     D:2: 1775 daAuts
     D:4: 1656 daAuts
     D:1: 1649 daAuts
     D:8: 1226 daAuts
     D:3: 1219 daAuts
     D:6: 1218 daAuts
     D:7: 1184 daAuts
    D:10: 796 daAuts
     D:9: 551 daAuts
